 Dungeon Crawl Stone Soup version 0.30-a0-956-gcec3b41aec (webtiles) character file.

Game seed: 17175905321474459545

184 retardedninja the Covered (level 5, -2/48 HPs)
             Began as an Armataur Fighter on Mar 29, 2023.
             Slain by a gnoll
             ... wielding a +0 whip of venom
             ... led by a gnoll bouda
              (4 damage)
             ... on level 4 of the Dungeon.
             The game lasted 00:02:58 (2942 turns).

retardedninja the Covered (Armataur Fighter)        Turns: 2942, Time: 00:02:58

Health: -2/48      AC: 13    Str: 23    XL:     5   Next: 36%
Magic:  5/5        EV:  5    Int:  9    God:
Gold:   117        SH:  4    Dex:  9    Spells: 4/4 levels left

rFire   . . .      SeeInvis .    a - +0 long sword
rCold   . . .      Faith    .    c - +0 buckler
rNeg    . . .      Spirit   .    w - +0 chain mail
rPois   +          Reflect  .    n - +1 helmet
rElec   .          Roll     +    h - +0 cloak
rCorr   .          Clarity  +    b - +0 pair of gloves
Will    .....                    (no barding) Stlth
                                 (no amulet)
HPRegen 0.28/turn                s - ring of poison resistance
MPRegen 0.09/turn                (no ring)

@: no status effects
A: large, rugged brown scales 3, deformed body, armoured tail, roll, long
tongue, awkward tongue, hooves 2, clarity, sense surroundings 1, poison
resistance
a: no special abilities


You were on level 4 of the Dungeon.
You visited 1 branch of the dungeon, and saw 4 of its levels.

You collected 117 gold pieces.

Inventory:

Hand Weapons
 a - a +0 long sword (weapon)
Armour
 b - a +0 pair of gloves (worn)
 c - a +0 buckler (worn)
 h - a +0 cloak (worn)
 n - a +1 helmet (worn)
 w - a +0 chain mail (worn)
Jewellery
 s - a ring of poison resistance (left hand)
Wands
 d - a wand of flame (12)
Scrolls
 g - 3 scrolls of teleportation {unknown}
 i - 2 scrolls of silence {unknown}
 k - a scroll of magic mapping {unknown}
 l - 4 scrolls of identify {unknown}
 q - a scroll of butterflies {unknown}
 t - 2 scrolls of blinking {unknown}
 u - a scroll of enchant weapon {unknown}
 v - a scroll of fog {unknown}
Potions
 e - 3 potions of mutation
 f - 3 potions of heal wounds {unknown}
 j - a potion of lignification {unknown}
 m - a potion of curing {unknown}
 o - a potion of haste {unknown}
 p - a potion of attraction {unknown}
 r - a potion of degeneration {unknown}
 x - a potion of flight {unknown}


   Skills:
 + Level 3.5 Fighting
 + Level 2.9 Long Blades
 + Level 4.9 Armour
 + Level 4.4 Shields


You had 4 spell levels left.
You didn't know any spells.
Your spell library contained the following spells:

 Spells                   Type           Power      Damage    Failure   Level
 Apportation              Tloc           0%         N/A       98%         1
 Necrotise                Necr           0%         1d4       98%         1
 Slow                     Hex            0%         N/A       98%         1
 Summon Small Mammal      Summ           0%         N/A       98%         1
 Confusing Touch          Hex            0%         N/A       100%        3
 Vampiric Draining        Necr           0%         2d6       100%        3


Dungeon Overview and Level Annotations

Branches:
Dungeon (4/15)
 Temple: D:4-7

Altars:
Xom


Innate Abilities, Weirdness & Mutations

You are completely covered in rugged brown scales. (AC +3, +7% HP)
Armour fits poorly on your strangely shaped body.
You have a long armoured tail.
You roll when moving toward enemies. (Rampage)
Your long tongue fully drains potion bottles. (2x potion effects)
Your tongue gives you trouble enunciating. (1.5x scroll delay)
You have hoof-like feet.
You possess an exceptional clarity of mind.
You passively map a small area around you.
Your system is resistant to poisons. (rPois)


Message History

The gnoll moves out of view.
The quokka moves out of view.
There are monsters nearby! 2 endoplasms, a gnoll bouda and 2 gnolls come into view.
A gnoll is wielding a +0 whip of venom.
Found a scroll labelled CISKILAUF.
The endoplasm quivers. x2
The gnoll bouda shouts!
The gnoll shouts!
The gnoll hits you but does no damage. The gnoll hits you with a +0 spear.
There are monsters nearby!
The gnoll attacks as you move away! The gnoll hits you with a +0 spear.
The gnoll barely misses you.
The gnoll hits you from afar with a +0 spear.
The gnoll bouda barks out a call to the hunt!
The gnolls pick up the pace!
You see here 8 gold pieces.
The gnoll hits you but does no damage. The gnoll hits you with a +0 flail.
The gnoll barely misses you. The gnoll attacks as you move away!
You block the gnoll's attack.
The gnoll hits you from afar with a +0 halberd!
The gnoll hits you with a +0 flail. The gnoll hits you but does no damage.
The gnoll hits you with a +0 flail. The gnoll attacks as you move away!
The gnoll hits you with a +0 whip of venom.
The gnoll hits you with a +0 flail. The gnoll barely misses you.
The gnoll hits you but does no damage.
You closely miss the gnoll. The gnoll hits you with a +0 flail.
* * * LOW HITPOINT WARNING * * *
You block the gnoll's attack. The gnoll barely misses you.
The gnoll hits you with a +0 flail.
* * * LOW HITPOINT WARNING * * *
Unknown command.
It was a potion of mutation.
You feel extremely strange.
Your feet thicken and deform.
You feel clumsy.
Your feet thicken and deform.
You feel a strange attunement to the structure of the dungeons.
You feel agile.
Your thoughts seem clearer.
You feel resistant to poisons.
You slurp down every last drop of the potion of mutation!
The gnoll hits you from afar with a +0 halberd!
* * * LOW HITPOINT WARNING * * *
The gnoll hits you with a +0 whip of venom.
You die...

#..## * * # ###.##...## , ,
##
#...g...$.#################.
#....g.#g.####...###...####.
#......#.g###....###....###.
###.#..#JJ###....###....###.
# #.##gg##..#...#...#..##.
#. ##rg#..##.....##..#.. #.
,##g@..###...###....# * #.*
*##...###...###..[## *,
#######...####### ,, ,,
####### , , * , * * , , , *
* * , ,


You could see a gnoll bouda, 5 gnolls, 2 endoplasms and a quokka.

Vanquished Creatures
  Blork the orc (D:4)
  4 gnolls
  2 adders (D:3)
  A worm (D:2)
  A dart slug (D:1)
  2 ball pythons (D:1)
  6 bats
  4 endoplasms
  2 giant cockroaches
  4 goblins
  6 hobgoblins
  5 jackals
  8 kobolds
  3 frilled lizards
  5 rats
54 creatures vanquished.

Notes
Turn   | Place    | Note
-------+----------+-------------------------------------------
     0 | D:1      | retardedninja the Armataur Fighter began the quest for the
                  | Orb.
     0 | D:1      | Reached XP level 1. HP: 19/19 MP: 1/1
    39 | D:1      | Reached XP level 2. HP: 18/26 MP: 2/2
  1025 | D:2      | Found a shimmering altar of Xom.
  1093 | D:2      | Reached XP level 3. HP: 33/33 MP: 3/3
  1894 | D:2      | Reached XP level 4. HP: 38/40 MP: 4/4
  2184 | D:3      | Found a faded altar of an unknown god.
  2768 | D:4      | Noticed Blork the orc
  2779 | D:4      | Killed Blork the orc
  2780 | D:4      | Reached XP level 5. HP: 31/48 MP: 5/5
  2942 | D:4      | Gained mutation: You have large cloven feet. [potion of
                  | mutation]
  2942 | D:4      | Gained mutation: You are clumsy. (Dex -2) [potion of
                  | mutation]
  2942 | D:4      | Gained mutation: You have hoof-like feet. [potion of
                  | mutation]
  2942 | D:4      | Gained mutation: You passively map a small area around you.
                  | [potion of mutation]
  2942 | D:4      | Lost mutation: You are clumsy. (Dex -2) [potion of
                  | mutation]
  2942 | D:4      | Gained mutation: You possess an exceptional clarity of
                  | mind. [potion of mutation]
  2942 | D:4      | Gained mutation: Your system is resistant to poisons.
                  | (rPois) [potion of mutation]
  2942 | D:4      | HP: 2/48 [gnoll/+0 halberd[a gnoll bouda] (8)]
  2942 | D:4      | Slain by a gnoll

Illustrated notes

Levels and vault maps discovered:
D:1:      tarquinn_simple_flora_water_f, layout_basic
D:2:      layout_loops_ring, basic_altar, minivault_25,
          chequers_serial_rivers_room_b
D:3:      layout_loops_corners, hellmonk_ecumenical_altar_pennies_from_heaven,
          st_stairs_12
D:4:      layout_basic, hangedman_glass_teeth, uniq_sigmund, uniq_blork_the_orc

Skill      XL: |  1  2  3 |
---------------+----------+-----
Long Blades    | 2 |  2.9
Armour         | 4 |  4.9
Fighting       | 3 |  3.5
Shields        | 4 |  4.4

Action                     |  1- 3 |  4- 6 || total
---------------------------+-------+-------++-------
  Melee: Long sword        |   115 |    56 ||   171
         Tailslap          |    13 |     3 ||    16
    Use: Potion            |       |     2 ||     2
 Armour: Scale mail        |    75 |    21 ||    96
         Chain mail        |       |    19 ||    19
  Dodge: Dodged            |    44 |    22 ||    66
  Block: Buckler           |    25 |    12 ||    37

Table legend: (Time is in decaauts)
 A = Elapsed time spent in this place.
 B = Non-inter-level travel time spent in this place.
 C = Inter-level travel time spent in this place.
 D = Time resting spent in this place.
 E = Time spent auto-exploring this place.
 F = Levels seen in this place.
 G = Mean time per level.
                   A        B        C        D        E       F      G
               +--------+--------+--------+--------+--------+-----+--------+
         Total |   2997 |   2962 |     35 |    222 |   2247 |   4 |  749.2 |
       Dungeon |   2997 |   2962 |     35 |    222 |   2247 |   4 |  749.2 |
               +--------+--------+--------+--------+--------+-----+--------+

Top non-repeatable levels by time:
     D:3: 968 daAuts
     D:1: 932 daAuts
     D:2: 792 daAuts
     D:4: 303 daAuts
